 Dungeon Crawl Stone Soup version 0.22-a0-109-gbeb7240 (webtiles) character file.

2083 SnubMonkey the Archer (level 9, -2/73 HPs)
             Began as a Centaur Hunter on Jan 26, 2018.
             Was a Follower of Okawaru.
             Slain by KristoblXynda's ghost (11 damage)
             ... on level 5 of the Dungeon.
             The game lasted 00:19:15 (6039 turns).

SnubMonkey the Archer (Centaur Hunter)              Turns: 6039, Time: 00:19:16

Health: -2/73      AC:  9    Str: 19    XL:     9   Next: 6%
Magic:  9/10       EV: 11    Int: 10    God:    Okawaru [*.....]
Gold:   306        SH:  0    Dex:  9    Spells: 8/8 levels left

rFire    . . .     SeeInvis .   b - +0 short sword
rCold    . . .     Gourm    .   (no shield)
rNeg     . . .     Faith    .   i - +0 ring mail
rPois    .         Spirit   .   o - +0 helmet
rElec    .         Reflect  .   (no cloak)
rCorr    .         Harm     .   D - +0 pair of gloves (curse)
MR       .....                  (no barding)
Stlth    ++........             (no amulet)
HPRegen  0.22/turn              (no ring)
MPRegen  0.12/turn              (no ring)

@: heroism, very quick
A: large, hooves 3, deformed body, speed 2, tough skin 3
a: Heroism, Renounce Religion


You were on level 5 of the Dungeon.
You worshipped Okawaru.
Okawaru was aware of your devotion.
You were not hungry.

You visited 2 branches of the dungeon, and saw 6 of its levels.
You also visited: Sewer.

You collected 306 gold pieces.

Inventory:

Hand Weapons
 a - a +1 shortbow
 b - a +0 short sword (weapon)
 h - a cursed -2 dagger
 p - a +0 long sword of holy wrath
 t - a +0 scimitar
 y - a +3 shortbow
Missiles
 B - 2 silver tomahawks (quivered)
Armour
 i - a +0 ring mail (worn)
 o - a +0 helmet (worn)
 D - a cursed +0 pair of gloves (worn)
Wands
 w - a wand of disintegration (10)
Scrolls
 c - a scroll of remove curse {unknown}
 d - a scroll of random uselessness {unknown}
 j - a scroll of teleportation
 k - a scroll of magic mapping
 m - 3 scrolls of identify
 x - a scroll of enchant weapon {unknown}
 z - a scroll of blinking {unknown}
Potions
 e - a potion of might
 g - a potion of lignification {unknown}
 l - a potion of flight {unknown}
 q - a potion of magic {unknown}
 r - a potion of mutation {unknown}
 s - 3 potions of brilliance {unknown}
 u - a potion of heal wounds
 A - a potion of curing {unknown}
Comestibles
 f - 9 rations
 C - 4 chunks of flesh


   Skills:
 + Level 4.9(9.9) Fighting
 + Level 2.4(7.4) Long Blades
 * Level 13.7(18.7) Bows
 - Level 1.3(6.3) Dodging
 - Level 0.4(5.4) Stealth
 + Level 2.2 Invocations


You had 8 spell levels left.
You didn't know any spells.

Dungeon Overview and Level Annotations

Branches:
Dungeon (5/15)             Temple (1/1) D:4

Altars:
Ashenzari
Cheibriados
Dithmenos
Fedhas
Gozag
Hepliaklqana
Kikubaaqudgha
Makhleb
Okawaru
Ru
Sif Muna
Trog
Uskayaw
Vehumet
Wu Jian
Xom
Zin
The Shining One

Shops:
D:4 (

Annotations:
D:5 KristoblXynda's ghost, novice TrMo


Innate Abilities, Weirdness & Mutations

You have hooves in place of feet.
Armour fits poorly on your strangely shaped body.
You cover ground very quickly.
You have extremely tough skin. (AC +3)


Message History

You hit KristoblXynda's ghost. You kick KristoblXynda's ghost.
KristoblXynda's ghost is severely damaged.
KristoblXynda's ghost hits you!
You closely miss KristoblXynda's ghost. Your kick misses KristoblXynda's ghost.
KristoblXynda's ghost is severely damaged.
KristoblXynda's ghost hits you but does no damage.
You miss KristoblXynda's ghost. Your kick misses KristoblXynda's ghost.
KristoblXynda's ghost is severely damaged.
KristoblXynda's ghost hits you.
You barely miss KristoblXynda's ghost. Your kick misses KristoblXynda's ghost.
KristoblXynda's ghost is severely damaged.
You hit KristoblXynda's ghost but do no damage.
KristoblXynda's ghost is severely damaged.
KristoblXynda's ghost hits you!
* * * LOW HITPOINT WARNING * * *
You hit KristoblXynda's ghost but do no damage.
Your kick misses KristoblXynda's ghost.
KristoblXynda's ghost is severely damaged.
KristoblXynda's ghost hits you!
You die...

*#,,,,,,,**,****** ###.#...#
#.***,**,,,,,,,((# #.###.#
.##**,*****,***#.# #.....#
..,.#,,,,,,,* *#(## #####.######
.#*.#******###*.(.# #.......
.#*.# *,,...#(.## ###...##
<#*.#****#.###.#...# #...#
##*.#*,,,.......W..# #...#
###.#*,,,,,,,*,#@..# #####...##
....#*,,,,,,,*<##.######.........
##.##*,,,,,,,,,#.#......(.()>((..
##.# *,,,,,,***##.######.........
...# *,,,,,,* #.# #####>..## #..#
*,,,,,,* #.# #...# #..#
*###**#### #.# ########...# ...#
#..,,,..# #.# #.....##...# #.##
#.#***#.# #.# #.###.###.##


You could see KristoblXynda's ghost.

Vanquished Creatures
  Pikel (D:4)
  The ghost of ThereIsNoGod the Digger, an amateur FoEE (D:4)
  Sigmund (D:2)
  The ghost of stickyfingers the Poker, an amateur NaCK of Xom (D:3)
  A water moccasin (D:5)
  An ice beast (D:5)
  A sky beast (D:5)
  A phantom (D:4)
  A centaur (D:5)
  An ogre (D:5)
  2 bullfrogs (Sewer)
  A howler monkey (D:4)
  A crimson imp (D:5)
  3 worker ants
  A hound skeleton (D:4)
  Robin (D:2)
  A howler monkey skeleton (D:4)
  3 gnolls (D:5)
  13 adders
  6 oozes (Sewer)
  An adder skeleton (D:5)
  3 worms
  3 dart slugs
  6 leopard geckos
  12 orcs
  12 ball pythons
  18 giant cockroaches
  11 goblins
  13 hobgoblins
  3 jackals (D:1)
  8 kobolds
  2 bats (D:2)
  15 frilled lizards
  A quokka zombie (D:5)
  7 rats
157 creatures vanquished.

Vanquished Creatures (others)
  A worm (D:4)
1 creature vanquished.

Grand Total: 158 creatures vanquished

Notes
Turn   | Place    | Note
-------+----------+-------------------------------------------
     0 | D:1      | SnubMonkey the Centaur Hunter began the quest for the Orb.
     0 | D:1      | Reached XP level 1. HP: 17/17 MP: 1/1
   167 | D:1      | Reached skill level 6 in Bows
   167 | D:1      | Reached XP level 2. HP: 24/24 MP: 2/2
   782 | D:2      | Reached XP level 3. HP: 29/29 MP: 3/3
   964 | D:2      | Noticed Sigmund
  1020 | D:2      | HP: 1/29 [something (1)]
  1087 | D:2      | Killed Sigmund
  1087 | D:2      | Reached skill level 8 in Bows
  1087 | D:2      | Reached XP level 4. HP: 9/36 MP: 4/4
  1087 | D:2      | Reached XP level 5. HP: 10/41 MP: 5/5
  1487 | D:2      | Reached skill level 9 in Bows
  1765 | D:2      | Noticed Robin
  1780 | D:2      | Killed Robin
  2379 | D:3      | Reached XP level 6. HP: 48/48 MP: 6/6
  2436 | D:3      | Noticed stickyfingers's ghost (amateur NaCK)
  2467 | D:3      | Killed stickyfingers's ghost
  2467 | D:3      | Reached skill level 10 in Bows
  2549 | D:3      | Found an opulent altar of Gozag.
  2740 | D:4      | Found a hazy altar of Hepliaklqana.
  2762 | D:4      | Found Estuf's Weapon Emporium.
  2763 | D:4      | Noticed ThereIsNoGod's ghost (amateur FoEE)
  2803 | D:4      | Killed ThereIsNoGod's ghost
  2803 | D:4      | Reached skill level 11 in Bows
  2803 | D:4      | Reached XP level 7. HP: 10/55 MP: 7/7
  3196 | D:4      | Found a staircase to the Ecumenical Temple.
  3240 | Temple   | Entered the Ecumenical Temple
  3308 | Temple   | Became a worshipper of Warmaster Okawaru
  3427 | D:4      | Noticed Pikel
  3501 | D:4      | Killed Pikel
  3501 | D:4      | Reached skill level 12 in Bows
  3501 | D:4      | Reached XP level 8. HP: 44/63 MP: 8/8
  4301 | D:5      | Entered Level 5 of the Dungeon
  4363 | D:5      | Reached * piety under Okawaru
  4363 | D:5      | Reached skill level 13 in Bows
  4376 | D:5      | Reached skill level 1 in Long Blades
  4552 | D:5      | Found a glowing drain.
  4570 | Sewer    | Entered a sewer
  4931 | Sewer    | Reached skill level 1 in Invocations
  5441 | D:5      | Reached XP level 9. HP: 33/73 MP: 10/10
  6017 | D:5      | Noticed KristoblXynda's ghost (novice TrMo)
  6039 | D:5      | Slain by KristoblXynda's ghost

Vault maps used:
D:1:      dpeg_arrival_ternary, interstate_on_off
D:2:      uniq_sigmund, uniq_robin
D:3:      overflow_temple_1_default
D:4:      lemuel_crystal_altar, minmay_temple_entry_glassed_door, serial_shops,
          shop, uniq_pikel
D:5:      first_ration, cheibrodos_sewer_entry_drain, due_unseen_surprise
Temple:   eino_temple_rhombus
Sewer:    sewer_frog_island_02

Skill      XL: |  1  2  3  4  5  6  7  8 |
---------------+-------------------------+-----
Bows           | 6 8 9 11 12 13 | 13.7
Fighting       | 3 4 |  4.9
Long Blades    | 2 |  2.4
Invocations    | 2 |  2.2
Dodging        | |  1.3
Stealth        | |  0.4

Action                   |  1- 3 |  4- 6 |  7- 9 || total
-------------------------+-------+-------+-------++-------
Melee: Short sword       |       |       |    54 ||    54
       Kick              |       |       |    12 ||    12
 Fire: Shortbow          |   105 |   129 |   330 ||   564
Throw: Tomahawk          |       |       |     9 ||     9
Invok: Heroism           |       |       |     2 ||     2
  Use: Potion            |     1 |       |       ||     1
       Scroll            |       |     3 |     1 ||     4
  Eat: Chunk             |       |     4 |     8 ||    12
Armor: Leather armour    |     6 |       |       ||     6
       Ring mail         |       |     7 |    64 ||    71
Dodge: Dodged            |     8 |     7 |    41 ||    56

Table legend:
 A = Spawn XP
 B = Non-spawn XP
 C = Spawn XP percentage of total XP
 D = Spawn monster count
 E = Non-spawn monster count
 F = Spawn count percentage of total count
 G = Total turns spent on level
                    A         B        C        D         E        F      G
               +---------+---------+-------+---------+---------+-------+---------
         Total |       0 |    2976 |   0.0 |       0 |     157 |   0.0 |  6039
               +---------+---------+-------+---------+---------+-------+---------
           D:1 |       0 |      40 |   0.0 |       0 |      22 |   0.0 |   779
           D:2 |       0 |     284 |   0.0 |       0 |      27 |   0.0 |  1173
           D:3 |       0 |     286 |   0.0 |       0 |      18 |   0.0 |   788
           D:4 |       0 |    1167 |   0.0 |       0 |      14 |   0.0 |  1462
           D:5 |       0 |     867 |   0.0 |       0 |      30 |   0.0 |  1209
         Sewer |       0 |     332 |   0.0 |       0 |      46 |   0.0 |   529
               +---------+---------+-------+---------+---------+-------+---------
